 Dungeon Crawl Stone Soup version 0.30-a0-1075-gcd70e7a56d (webtiles) character file.

Game seed: 14213608160134910008

8512 Newt the Basher (level 11, -21/67 (69) HPs)
             Began as a Kobold Hunter on Apr 14, 2023.
             Was a Follower of Okawaru.
             Demolished by an Executioner (22 damage)
             ... summoned by a dread lich
             ... on level 2 of the Abyss.
             The game lasted 00:13:16 (10092 turns).

Newt the Basher (Kobold Hunter)                    Turns: 10092, Time: 00:13:16

HP:   -21/67 (69)   AC:  5    Str: 11 (12) XL:     11   Next: 57%
MP:   20/20         EV: 21    Int:  8 (11) God:    Okawaru [*.....]
Gold: 401           SH:  0    Dex: 16 (19) Spells: 21/23 levels left

rFire   + . .      SeeInvis .    h - +3 demon whip (drain)
rCold   + . .      Faith    .    (no shield)
rNeg    . . .      Spirit   .    s - +0 steam dragon scales
rPois   +          Reflect  .    (no helmet)
rElec   .          Rampage  .    p - scarf {rC+ rF+}
rCorr   .                        (no gloves)
Will    .....                    (no boots)
Stlth   +++                      x - amulet of the acrobat
HPRegen 0.31/turn                g - +5 ring of evasion
MPRegen 0.17/turn                k - ring of poison resistance

@: about to teleport, lightly drained
A: small, no large weapons, nightstalker 3
a: Renounce Religion, Heroism


You were on level 2 of the Abyss.
You worshipped Okawaru.
Okawaru was aware of your devotion.
You visited 2 branches of the dungeon, and saw 10 of its levels.
You visited the Abyss 1 time.
You also visited: Sewer, Ossuary and Bailey.

You collected 401 gold pieces.

Inventory:

Hand Weapons
 a - a +0 shortbow
 f - a +0 whip
 h - a +3 demon whip of draining (weapon)
Missiles
 o - 22 poisoned darts
 y - 5 silver boomerangs
 E - 4 datura-tipped darts
 F - 16 boomerangs (quivered)
 L - a curare-tipped dart
Armour
 c - a +0 leather armour
 p - a scarf of resistance (worn)
 s - +0 steam dragon scales (worn)
Jewellery
 g - a +5 ring of evasion (left hand)
 k - a ring of poison resistance (right hand)
 q - a ring of willpower
 x - an amulet of the acrobat (around neck)
 D - a ring of see invisible
 I - a +6 ring of strength
Wands
 d - a wand of flame (5)
 r - a wand of iceblast (10)
 J - a wand of paralysis (7)
 K - a wand of polymorph (7)
Scrolls
 b - a scroll of immolation
 j - 4 scrolls of fog
 t - a scroll of teleportation
 w - a scroll of poison
 A - 3 scrolls of amnesia {unknown}
 H - a scroll of magic mapping
Potions
 e - 2 potions of curing
 i - a potion of might
 l - a potion of brilliance
 m - 2 potions of mutation
 n - a potion of degeneration
 u - 2 potions of heal wounds
 v - a potion of cancellation
 z - a potion of resistance {unknown}
 B - 2 potions of flight
 C - 2 potions of attraction {unknown}
 G - 3 potions of haste {unknown}


   Skills:
 - Level 8.5 Fighting
 + Level 10.0 Maces & Flails
 - Level 5.3 Ranged Weapons
 - Level 7.9 Throwing
 - Level 5.0 Dodging
 - Level 1.3 Stealth
 - Level 6.5 Spellcasting
 - Level 6.5 Transmutations


You had 21 spell levels left.
You knew the following spells:

 Your Spells              Type           Power      Damage    Failure   Level
a - Wereblood             Tmut           13%        N/A       2%          2

Your spell library contained the following spells:

 Spells                   Type           Power      Damage    Failure   Level
 Kiss of Death            Conj/Necr      8%         2d6       22%         1
 Magic Dart               Conj           8%         1d3       22%         1
 Slow                     Hex            8%         N/A       22%         1
 Sublimation of Blood     Necr           2%         N/A       34%         2
 Confusing Touch          Hex            2%         N/A       56%         3
 Gell's Gravitas          Tloc           2%         N/A       56%         3
 Mephitic Cloud           Conj/Pois/Air  2%         N/A       56%         3
 Teleport Other           Tloc           2%         N/A       56%         3
 Vampiric Draining        Necr           2%         2d6       56%         3
 Dispel Undead            Necr           2%         3d7       92%         4
 Dispersal                Tloc           1%         N/A       100%        6
 Call Imp                 Summ           Unusable   N/A       N/A         2
 Summon Hydra             Summ           Unusable   N/A       N/A         7

Dungeon Overview and Level Annotations

Branches:
Dungeon (9/15)             Temple (1/1) D:7           Sewer (visited)
Ossuary (visited)          Bailey (visited)
   Lair: D:8-11         Orc: D:9-12

Altars:
Ashenzari
Cheibriados
Dithmenos
Elyvilon
Fedhas
Gozag
Hepliaklqana
Kikubaaqudgha
Makhleb
Nemelex Xobeh
Okawaru
Qazlal
Ru
Sif Muna
Trog
Uskayaw
Vehumet
Wu Jian
Xom
Yredelemnul
Zin
The Shining One

Annotations:
D:8 exclusions: oklob plant and oklob sapling
D:9 Erolcha


Innate Abilities, Weirdness & Mutations

You are small and have problems with some larger weapons.
You are completely attuned to the shadows.


Message History

Something touches you!
You feel drained. The starcursed mass touches you!
You can move again.
A chorus of shrieks assaults your mind.
Unknown command.
You hear some strange, mumbled words.
You hear some strange, mumbled words.
You suddenly lose the ability to move!
You hear some strange, mumbled words.
You shrug off the repeated paralysis!
You hear some strange, mumbled words. x2
You can move again.
Unknown command.
Unknown command.
Unknown command.
As you read the scroll of teleportation, it crumbles to dust.
You feel strangely unstable.
You feel the power of the Abyss delaying your translocation!
The Executioner gestures.
The Executioner seems to speed up.
Something touches you but does no damage.
The tormentor calls on the powers of darkness!
Your body is wracked with pain!
* * * LOW HITPOINT WARNING * * *
The Executioner hits you!
* * * LOW HITPOINT WARNING * * *
The Executioner hits you but does no damage.
The Executioner hits you.
* * * LOW HITPOINT WARNING * * *
You feel much better. The Executioner barely misses you.
The Executioner hits you. The Executioner closely misses you.
Something touches you!
* * * LOW HITPOINT WARNING * * *
The Executioner closely misses you. The Executioner hits you.
* * * LOW HITPOINT WARNING * * *
The Executioner hits you but does no damage.
The tormentor completely misses you. The tormentor barely misses you.
A chorus of shrieks assaults your mind.
* * * LOW HITPOINT WARNING * * *
The Executioner hits you!!
You die...

..## ####
##.... .#
#..###.#... .
#. #.X#.1....#
.#.##..1X.@2..#
#..1.####X....#
.#.#....##..#.
# #... .## X #
... .# .. ##
...


You could see 3 starcursed masses, a Brimstone Fiend (summoned), an Executioner
(summoned, fast) and a tormentor (summoned).

Vanquished Creatures
  An orc warlord (Bailey)
  Maurice (D:8)
  Maggie (D:8)
  A hornet (D:8)
  4 yaks (D:8)
  4 water moccasins
  A sky beast (D:8)
  3 orc warriors (Bailey)
  3 black bears
  An ice beast (D:5)
  2 centaurs
  2 kobold brigands (Sewer)
  6 scorpions
  2 bullfrogs
  An elf zombie (Ossuary)
  4 wights (D:7)
  5 killer bees (D:7)
  3 howler monkeys
  A jelly (D:6)
  3 orc priests
  3 hounds
  A sleepcap (D:6)
  3 iguanas
  3 orc wizards
  3 mummies (Ossuary)
  11 adders
  7 gnolls
  A river rat (Sewer)
  4 shadow imps
  A white imp (D:6)
  2 ufetubi (D:6)
  2 adder zombies (Ossuary)
  6 worms
  2 dart slugs
  18 orcs
  11 endoplasms
  2 giant cockroaches
  4 goblins
  6 hobgoblins
  9 jackals
  25 kobolds
  A quokka (D:2)
  16 ball pythons
  5 bats
  2 frilled lizards (D:1)
  A gnoll zombie (Ossuary)
  A goblin zombie (Ossuary)
  5 hobgoblin zombies (Ossuary)
  3 kobold zombies (Ossuary)
  An orc zombie (Ossuary)
  A quokka zombie (Ossuary)
  12 rats
  3 rat zombies (Ossuary)
224 creatures vanquished.

Vanquished Creatures (others)
  9 plants (D:8)
9 creatures vanquished.

Grand Total: 233 creatures vanquished

Notes
Turn   | Place    | Note
-------+----------+-------------------------------------------
     0 | D:1      | Newt the Kobold Hunter began the quest for the Orb.
     0 | D:1      | Reached XP level 1. HP: 12/12 MP: 1/1
   217 | D:1      | Reached XP level 2. HP: 18/18 MP: 2/2
  1025 | D:2      | Reached XP level 3. HP: 15/23 MP: 3/3
  2132 | D:3      | Noticed a bullfrog
  2144 | D:3      | Killed a bullfrog
  2145 | D:3      | Reached skill level 5 in Fighting
  2145 | D:3      | Reached skill level 1 in Maces & Flails
  2145 | D:3      | Reached XP level 4. HP: 22/31 MP: 4/4
  2145 | D:3      | Reached XP level 5. HP: 24/35 MP: 5/5
  2358 | D:4      | Reached skill level 2 in Maces & Flails
  2482 | D:4      | Found a glowing drain.
  2490 | Sewer    | Entered a sewer
  2517 | Sewer    | Noticed a kobold brigand
  2543 | Sewer    | Killed a kobold brigand
  2544 | Sewer    | Reached skill level 3 in Maces & Flails
  2544 | Sewer    | Reached XP level 6. HP: 27/40 MP: 6/6
  2834 | Sewer    | Reached skill level 4 in Maces & Flails
  3118 | Sewer    | Reached XP level 7. HP: 44/44 MP: 7/7
  3320 | D:4      | Identified a scroll of acquirement
  3320 | D:4      | Acquired a scarf of resistance
  3772 | D:4      | Reached skill level 5 in Maces & Flails
  4434 | D:5      | Entered Level 5 of the Dungeon
  4664 | D:5      | Noticed a water moccasin
  4747 | D:5      | Found a sand-covered staircase.
  4752 | Ossuary  | Entered an ossuary
  4775 | Ossuary  | Reached skill level 6 in Maces & Flails
  4894 | Ossuary  | Reached XP level 8. HP: 44/49 MP: 8/8
  5156 | D:5      | Reached skill level 5 in Dodging
  5741 | D:6      | Reached skill level 1 in Spellcasting
  5741 | D:6      | Reached skill level 1 in Transmutations
  5771 | D:6      | Learned a level 2 spell: Wereblood
  5854 | D:6      | Reached XP level 9. HP: 46/54 MP: 10/13
  6311 | D:7      | Found a flagged portal.
  6351 | Bailey   | Entered a bailey
  6567 | Bailey   | Noticed an orc warlord
  6893 | Bailey   | Found a runed translucent gate.
  6893 | Bailey   | Found a runed translucent gate.
  6894 | Bailey   | Found a runed translucent gate.
  6908 | Bailey   | Reached skill level 5 in Spellcasting
  6908 | Bailey   | Reached skill level 5 in Transmutations
  7306 | Bailey   | Killed an orc warlord
  7307 | Bailey   | Reached XP level 10. HP: 40/59 MP: 16/19
  7431 | D:7      | Reached skill level 8 in Maces & Flails
  7431 | D:7      | Reached XP level 11. HP: 69/69 MP: 20/20
  7676 | D:7      | Found a staircase to the Ecumenical Temple.
  7952 | Temple   | Entered the Ecumenical Temple
  8322 | Temple   | Became a worshipper of Warmaster Okawaru
  8383 | D:8      | Reached skill level 9 in Maces & Flails
  8446 | D:8      | Noticed Maggie
  8888 | D:8      | Killed Maggie
  9224 | D:8      | Found a sparkling altar of Nemelex Xobeh.
  9544 | D:8      | Noticed an oklob plant
  9802 | D:8      | Noticed Maurice
  9827 | D:8      | Killed Maurice
  9827 | D:8      | Reached * piety under Okawaru
  9840 | D:8      | Reached skill level 10 in Maces & Flails
  9992 | D:9      | Noticed Erolcha
  9999 | Abyss:2  | Cast into level 2 of the Abyss (Erolcha)
 10000 | Abyss:2  | Found a corrupted altar of Lugonu.
 10048 | Abyss:2  | Noticed a starcursed mass
 10073 | Abyss:2  | Noticed a dread lich
 10073 | Abyss:2  | Paralysed by a dread lich for 2 turns
 10079 | Abyss:2  | Paralysed by something for 4 turns
 10082 | Abyss:2  | Noticed a Brimstone Fiend
 10088 | Abyss:2  | Paralysed by something for 3 turns
 10091 | Abyss:2  | Noticed an Executioner
 10092 | Abyss:2  | HP: 1/67 [starcursed mass/accursed screaming (6)]
 10092 | Abyss:2  | Demolished by an Executioner

Illustrated notes

Levels and vault maps discovered:
D:1:      dpeg_arrival_simpleton_b, layout_basic, minmay_crystal_water,
          minivault_5, hangedman_decor_peaks_small
D:2:      layout_loops_corners
D:3:      layout_basic, chequers_decorated_corner
D:4:      layout_gridville, gup_sewer_entry_bubbles
D:5:      layout_basic, enter_ossuary_2
D:6:      layout_cave_pools
D:7:      layout_rooms, minmay_temple_entry_crystal_x, enter_bailey_6
D:8:      layout_rooms, mainiacjoe_overflow_surrounded_room,
          introduction_to_nature_2, uniq_maggie, uniq_maurice
D:9:      layout_irregular_city, orc_david_3, abandoned_shop,
          minmay_statue_bubble, uniq_erica, uniq_erolcha
Temple:   roderic_octagonal_lattice_temple
Abyss:2:  base: D:8, minivault_25_ag

Skill      XL: |  1  2  3  4  5  6  7  8  9 10 11 |
---------------+----------------------------------+-----
Fighting       | 3 5 8 |  8.5
Maces & Flails | 1 3 4 6 8 10 | 10.0
Dodging        | 3 5 |  5.0
Throwing       | 4 7 |  7.9
Spellcasting   | 2 6 |  6.5
Transmutations | 2 6 |  6.5
Ranged Weapons | |  5.3
Stealth        | |  1.3

Action                     |  1- 3 |  4- 6 |  7- 9 | 10-12 || total
---------------------------+-------+-------+-------+-------++-------
  Melee: Demon whip        |    50 |   153 |   338 |   165 ||   706
         Punch             |       |     2 |     4 |       ||     6
   Fire: Shortbow          |    31 |       |       |       ||    31
  Throw: Dart              |       |       |     2 |     1 ||     3
         Boomerang         |       |       |     8 |    12 ||    20
   Cast: Wereblood         |       |       |     3 |     2 ||     5
    Use: Scroll            |     4 |     1 |    10 |     3 ||    18
         Potion            |       |       |     7 |     7 ||    14
   Stab: Sleeping          |     8 |     7 |    12 |     1 ||    28
         Invisible         |       |       |     2 |       ||     2
         Distracted        |       |       |     1 |     1 ||     2
 Armour: Leather armour    |    10 |    11 |    28 |     6 ||    55
         Steam dragon scal |       |       |       |     4 ||     4
  Dodge: Dodged            |    38 |   109 |   319 |   147 ||   613

Table legend: (Time is in decaauts)
 A = Elapsed time spent in this place.
 B = Non-inter-level travel time spent in this place.
 C = Inter-level travel time spent in this place.
 D = Time resting spent in this place.
 E = Time spent auto-exploring this place.
 F = Levels seen in this place.
 G = Mean time per level.
                   A        B        C        D        E       F      G
               +--------+--------+--------+--------+--------+-----+--------+
         Total |  10259 |  10001 |    258 |   1721 |   6098 |  14 |  732.8 |
       Dungeon |   7478 |   7268 |    210 |   1033 |   4843 |   9 |  830.9 |
        Temple |    388 |    341 |     47 |      0 |    319 |   1 |  388.0 |
         Abyss |     94 |     94 |      0 |      0 |      0 |   1 |   94.0 |
         Sewer |   1016 |   1016 |      0 |     28 |    705 |   1 | 1016.0 |
       Ossuary |    205 |    205 |      0 |      0 |     89 |   1 |  205.0 |
        Bailey |   1075 |   1075 |      0 |    660 |    142 |   1 | 1075.0 |
               +--------+--------+--------+--------+--------+-----+--------+

Top non-repeatable levels by time:
     D:4: 1491 daAuts
     D:8: 1202 daAuts
  Bailey: 1075 daAuts
     D:2: 1059 daAuts
   Sewer: 1016 daAuts
     D:1: 997 daAuts
     D:7: 956 daAuts
     D:5: 923 daAuts
     D:6: 671 daAuts
  Temple: 388 daAuts
 Ossuary: 205 daAuts
     D:3: 122 daAuts
 Abyss:2: 94 daAuts
     D:9: 53 daAuts
